 Dungeon Crawl Stone Soup version 0.16.2-2-g470672f (webtiles) character file.

175 monobi the Insei (level 5, -3/36 HPs)
             Began as an Octopode Monk on Sept 4, 2015.
             Hit by a poisoned tomahawk thrown by an orc (6 damage)
             ... on level 3 of the Dungeon.
             The game lasted 00:03:37 (2138 turns).

monobi the Insei (Octopode Monk)                    Turns: 2138, Time: 00:03:37

Health: -3/36      AC:  1    Str: 10    XL:     5   Next: 55%
Magic:  5/5        EV: 13    Int: 13    God:
Gold:   150        SH:  0    Dex: 15    Spells: 0 memorised, 4 levels left

rFire  . . .     SeeInvis .       - Unarmed
rCold  . . .     Clarity  .     (no shield)
rNeg   . . .     SustAb   .     (helmet restricted)
rPois  .         Gourm    .     (no amulet)
rElec  .         Spirit   .     e - ring of wizardry
rCorr  .         Warding  .     (no ring)
rMut   .         Stasis   .     (no ring)
MR     .....                    (no ring)
Stlth  ++++......               (no ring)
                                (no ring)
                                (no ring)
                                (no ring)

@: lethally poisoned (-3 -> -8), not resistant to hostile enchantments, stealthy
A: almost no armour, amphibious, 8 rings, constrict 8, camouflage 1, gelatinous
body 1
a: no special abilities


You were on level 3 of the Dungeon.
You were not hungry.

You visited 1 branch of the dungeon, and saw 3 of its levels.

You collected 150 gold pieces.

Inventory:

Hand weapons
 f - a cursed -1 dagger
Jewellery
 e - a ring of wizardry (left tentacle)
Magical devices
 j - a wand of polymorph (18)
Scrolls
 a - 4 scrolls of remove curse
 d - 3 scrolls of teleportation
 i - a scroll of amnesia {unknown}
 m - a scroll of enchant weapon {unknown}
 n - a scroll of noise {unknown}
 o - a scroll of identify
Potions
 c - a potion of heal wounds {unknown}
 h - a potion of invisibility {unknown}
 k - a potion of restore abilities {unknown}
 p - a potion of beneficial mutation {unknown}
Comestibles
 b - 4 bread rations
 l - a meat ration


   Skills:
 - Level 3.1 Fighting
 - Level 3.0 Dodging
 + Level 5.4 Stealth
 * Level 5.5 Unarmed Combat


You had 4 spell levels left.
You didn't know any spells.

Dungeon Overview and Level Annotations

Branches:
Dungeon (3/15)

Altars:
Cheibriados
Makhleb


Innate Abilities, Weirdness & Mutations

You cannot wear most types of armour.
You are amphibious.
You can wear up to eight rings at the same time.
You can use your tentacles to constrict many enemies at once.
Your skin changes colour to match your surroundings (Stealth).
Your rubbery body absorbs attacks (AC +1).


Message History

The orc is moderately wounded.
The orc hits you with a hand axe.
* * * LOW HITPOINT WARNING * * *
Drink which item? (? for menu, Esc to quit)
Okay, then.
The orc throws a poisoned tomahawk.
The poisoned tomahawk barely misses you.
The orc throws a poisoned tomahawk.
The poisoned tomahawk hits you.
* * * LOW HITPOINT WARNING * * *
You are lethally poisoned!
You see here a poisoned tomahawk.
* * * LOW HITPOINT WARNING * * *
You feel sick.
The orc throws a poisoned tomahawk.
The poisoned tomahawk misses you.
Drink which item? (? for menu, Esc to quit)
It was a potion of magic.
Magic courses through your body.
* * * LOW HITPOINT WARNING * * *
You feel sick.
The orc throws a poisoned tomahawk.
The poisoned tomahawk hits you.
You die...

#.#..###.######...........##
#.#...#.....................
#^##..#..######.#########.##
#.##..#.......#.# #######.##
#.##..#.#####.#.# #........#
#.##..#.#####.#.# #........#
#.##..#.......#.###........#
######?##..#...................[.
#.........!#....@(############+##
#........###...(..# #.....
#......o.oo.......# #....#
#........###......# #....#
#...)..†.# ######## #....#
#.........o #....# #............
#....# #......o....... #....#
............. #....#


You could see 2 orcs.

Vanquished Creatures
  A hound (D:3)
  A giant frog skeleton (D:3)
  Ijyb (D:2)
  Terence (D:2)
  2 adders
  3 worms
  A giant gecko (D:3)
  3 giant cockroaches
  7 goblins
  3 hobgoblins
  4 jackals
  A quokka (D:2)
  A ball python (D:3)
  5 bats
  3 giant newts
  11 kobolds
  11 rats
59 creatures vanquished.

Notes
Turn   | Place    | Note
--------------------------------------------------------------
     0 | D:1      | monobi, the Octopode Monk, began the quest for the Orb.
     0 | D:1      | Reached XP level 1. HP: 16/16 MP: 1/1
   221 | D:1      | Reached XP level 2. HP: 21/21 MP: 2/2
   670 | D:2      | Reached XP level 3. HP: 26/26 MP: 3/3
  1085 | D:2      | Noticed Ijyb
  1093 | D:2      | Killed Ijyb
  1093 | D:2      | Reached XP level 4. HP: 10/31 MP: 4/4
  1278 | D:2      | Reached skill level 5 in Unarmed Combat
  1511 | D:2      | Noticed Terence
  1519 | D:2      | Killed Terence
  1662 | D:3      | Found a burning altar of Makhleb.
  1703 | D:3      | Reached skill level 5 in Stealth
  1703 | D:3      | Reached XP level 5. HP: 20/36 MP: 5/5
  1889 | D:3      | Found a snail-covered altar of Cheibriados.
  2138 | D:3      | Hit by a poisoned tomahawk thrown by an orc

Action                   |  1- 3 |  4- 6 || total
-------------------------+-------+-------++-------
Melee: Unarmed           |    65 |    62 ||   127
  Use: Scroll            |       |     2 ||     2
       Potion            |       |     1 ||     1
 Stab: Sleeping          |    11 |     6 ||    17
  Eat: Meat ration       |       |     1 ||     1
